 Dungeon Crawl Stone Soup version 0.32-a0-30-gefbe487952 (webtiles) character file.

Game seed: 16186143693824644663

6968 Zeia the Summoner (level 10, -21/74 HPs)
             Began as a Demonspawn Necromancer on Jan 19, 2024.
             Was a Believer of Ashenzari.
             Demolished by Gastronok (24 damage)
             ... on level 10 of the Dungeon.
             The game lasted 01:00:08 (10888 turns).

Zeia the Summoner (Demonspawn Necromancer)         Turns: 10888, Time: 01:00:09

Health: -21/74     AC: 17    Str: 15    XL:     10   Next: 81%
Magic:  18/18      EV: 12    Int: 20    God:    Ashenzari [**....]
Gold:   574        SH:  4    Dex: 13    Spells: 7/20 levels left

rFire   . . .        J - +4 demon whip (flame)
rCold   . . .        (no shield)
rNeg    . . .        a - +0 robe
rPois   +            (no helmet)
rElec   .            n - +2 cloak "Profound Abstinence" {Comp, Sorc} (curse)
rCorr   .            i - +0 pair of gloves
SInv    +            x - +2 pair of boots of the Shackled Ordeal {Sorc, Comp} (curse)
Will    .....        C - amulet of Supernal Knowledge {RegenMP, Dev, Melee} (curse)
Stlth   ++           j - +6 ring of strength
HPRegen 0.32/turn    B - ring of Ashenzari's Mutualism {rPois, Melee, Elem} (curse)
MPRegen 0.56/turn

%: no passive effects
@: animating dead
A: icemail 2, condensation shield, demonic magic 1
a: Renounce Religion, Shatter the Chains


You were on level 10 of the Dungeon.
You worshipped Ashenzari.
Ashenzari was pleased with you.
You visited 3 branches of the dungeon, and saw 12 of its levels.
You also visited: Sewer.

You collected 574 gold pieces.

Inventory:

Hand Weapons
 G - a +3 great sword
 H - a +4 morningstar of freezing
 J - a +4 demon whip of flaming (weapon)
Armour
 a - a +0 robe (worn)
 i - a +0 pair of gloves (worn)
 n - the cursed +2 cloak "Profound Abstinence" (worn) {Comp, Sorc}
   (You found it on level 6 of the Dungeon)

   It has a curse which improves the following skills: Companions: Summonings
   and Necromancy.
   Sorcery:   Conjurations and Alchemy.
 t - a +0 leather armour
 x - the cursed +2 pair of boots of the Shackled Ordeal (worn) {Sorc, Comp}
   (You found it on level 3 of the Dungeon)

   It has a curse which improves the following skills: Sorcery: Conjurations and
   Alchemy.
   Companions: Summonings and Necromancy.
Jewellery
 c - an amulet of reflection
 j - a +6 ring of strength (left hand)
 B - the cursed ring of Ashenzari's Mutualism (right hand) {rPois, Melee, Elem}
   (You found it on level 6 of the Dungeon)

   [ring of poison resistance]

   rPois:     It protects you from poison It has a curse which improves the
   following skills: Melee Combat: Short Blades, Long Blades, Axes, Maces &
   Flails, Polearms, Staves and Unarmed Combat.
   Elements:  Fire Magic, Ice Magic, Air Magic and Earth Magic.
 C - the cursed amulet of Supernal Knowledge (around neck) {RegenMP, Dev, Melee}
   (You found it on level 7 of the Dungeon)

   [amulet of magic regeneration]

   RegenMP:   It increases your rate of magic regeneration.
   It has a curse which improves the following skills: Devices: Evocations and
   Shapeshifting.
   Melee Combat: Short Blades, Long Blades, Axes, Maces & Flails, Polearms,
   Staves and Unarmed Combat.
 F - a +4 ring of protection
Wands
 d - a wand of mindburst (14)
 l - a wand of iceblast (12)
 s - a wand of light (6)
 y - a wand of flame (34)
 A - a wand of charming (18)
Scrolls
 e - 3 scrolls of teleportation
 h - 9 scrolls of identify
 m - 3 scrolls of fog
 o - 4 scrolls of revelation
 p - 2 scrolls of poison
 r - 2 scrolls of noise
 u - 2 scrolls of vulnerability
 I - 2 scrolls of enchant armour
Potions
 b - 2 potions of magic
 f - a potion of curing
 g - 2 potions of degeneration
 v - a potion of mutation
 z - 2 potions of attraction
 D - 2 potions of lignification
 E - a potion of might


   Skills:
 - Level 5.1 Fighting
 + Level 4.6(6.2) Maces & Flails
 - Level 1.7 Dodging
 - Level 1.7 Stealth
 - Level 5.5 Spellcasting
 + Level 12.7(14.4) Summonings
 - Level 7.0(8.7) Necromancy


You had 7 spell levels left.
You knew the following spells:

 Your Spells              Type           Power      Damage    Failure   Level
a - Necrotise             Necr           100%       1d9       1%          1
b - Animate Dead          Necr           40%        N/A       3%          4
c - Summon Small Mammal   Summ           100%       N/A       1%          1
d - Call Canine Familiar  Summ           58%        N/A       1%          3
e - Summon Blazeheart Go  Fire/Summ      34%        N/A       5%          4

Your spell library contained the following spells:

 Spells                   Type           Power      Damage    Failure   Level
 Call Imp                 Summ           100%       N/A       1%          2
 Sublimation of Blood     Necr           40%        N/A       1%          2
 Vampiric Draining        Necr           40%        2d8       1%          3
 Curse of Agony           Necr           40%        N/A       9%          5
 Shock                    Conj/Air       24%        1d4       11%         1
 Slow                     Hex            20%        N/A       11%         1
 Lesser Beckoning         Tloc           10%        N/A       17%         2
 Summon Hydra             Summ           29%        N/A       26%         7
 Swiftness                Air            6%         N/A       30%         3
 Confusing Touch          Hex            5%         N/A       32%         3
 Gell's Gravitas          Tloc           5%         N/A       32%         3
 Sigil of Binding         Hex            5%         N/A       32%         3
 Teleport Other           Tloc           5%         N/A       32%         3
 Airstrike                Air            3%         2d(1-17)  71%         4


Dungeon Overview and Level Annotations

Branches:
Dungeon (10/15)            Temple (1/1) D:5            Lair (1/5) D:10
  Sewer (visited)
    Orc: D:9-12

Altars:
Ashenzari
Cheibriados
Dithmenos
Fedhas
Gozag
Hepliaklqana
Kikubaaqudgha
Makhleb
Nemelex Xobeh
Okawaru
Qazlal
Ru
Sif Muna
Trog
Uskayaw
Vehumet
Xom
Yredelemnul

Shops:
D:5 :

Annotations:
D:3 2 transporters, pigah's ghost, amateur VSNe
D:5 exclusion: downstairs
D:6 3 runed translucent doors, Zeia's ghost, novice DsNe
D:7 exclusion: 2 downstairs
D:8 exclusion: downstairs
D:10 Gastronok
Temple 2 transporters
Lair:1 Maggie


Innate Abilities, Weirdness & Mutations

A meltable icy envelope protects you from harm. (AC +8)
A meltable shield of frost defends you. (SH +4)
Spells you cast may paralyse adjacent enemies.


Message History

You hear a croak.
The cane toad stings you.
Your inugami hits the cane toad but does no damage.
The yak misses you. Gastronok bites you!!
A cane toad comes into view.
The cane toad stings you!
* * * LOW HITPOINT WARNING * * *
The rime drake bites you.
* * * LOW HITPOINT WARNING * * *
You hear an angry hiss.
Okay, then.
You feel much better. The ice encasing you melts away.
The cane toad barely misses you.
Your inugami hits the cane toad but does no damage.
The yak closely misses you. You block the rime drake's attack.
The cane toad completely misses you. The cane toad stings you!
Your inugami hits the cane toad! The rime drake bites you.
The cane toad stings you!
* * * LOW HITPOINT WARNING * * *
Gastronok bites you but does no damage. The cane toad stings you.
* * * LOW HITPOINT WARNING * * *
You climb upwards.
Welcome back to the Dungeon!
Your summoned ally is left behind.
The bat disappears in a puff of smoke!
The river rat disappears in a puff of smoke!
There is a staircase to the Lair here.
As you read the scroll of fear, it crumbles to dust.
You assume a fearsome visage.
The yak resists with some effort.
The cane toad looks frightened!
Gastronok resists with almost no effort.
The rime drake looks frightened!
The cane toad looks frightened!
The yak gores you!
* * * LOW HITPOINT WARNING * * *
Okay, then.
As you read the scroll of summoning, it crumbles to dust.
Wisps of shadow whirl around you...
The cane toad stings your two-headed ogre!!
The yak gores you but does no damage. Gastronok bites you!!
You die...
Gastronok gurgles, "Let's see if you taste as good as that wizard did."

......# .......#
.......# ......#
#....###+#########
#........OF.......
#........w.T......
#<.......Y@.......
#............k....
###'##.....#######
#....#...[F#
#....#...[.#
#....#.....#
#....#.....+
#....#.....#
#....#.....#


You could see Gastronok (ally target), a yak, 2 cane toads, a rime drake
(fleeing), a friendly two-headed ogre (summoned) and a friendly troll
(summoned).

Vanquished Creatures
  Amaemon (D:9)
  Sigmund (D:5)
  7 yaks (D:9)
  A steam dragon (D:7)
  2 water moccasins (D:8)
  2 orc warriors (D:7)
  2 centaurs
  A phantom (D:5)
  A kobold brigand (D:8)
  5 bullfrogs
  3 scorpions
  5 wights (D:8)
  A yak zombie (D:9)
  4 killer bees (D:7)
  A howler monkey (D:7)
  A bullfrog zombie (D:5)
  4 bombardier beetles
  4 hounds
  3 sleepcaps
  3 orc priests
  A jelly (D:6)
  6 iguanas
  8 orc wizards
  10 adders
  A shadow imp (D:6)
  3 ufetubi (D:5)
  An adder zombie (D:5)
  4 ribbon worms
  10 dart slugs
  31 orcs
  5 bats
  7 endoplasms
  15 giant cockroaches
  7 goblins
  4 hobgoblins
  6 jackals
  5 kobolds
  4 quokkas
  6 ball pythons
  8 frilled lizards
  4 rats
198 creatures vanquished.

Vanquished Creatures (collateral kills)
  An orange demon (D:9)
  A wyvern (D:9)
  9 yaks (D:9)
  An ice beast (D:6)
  An ogre (D:6)
  8 wights
  An iguana (D:4)
  An orc wizard (D:9)
  An adder (Sewer)
  2 dart slugs (Sewer)
  6 orcs
  2 ball pythons (Sewer)
  2 endoplasms (Sewer)
  4 giant cockroaches (Sewer)
  A goblin (D:2)
  A jackal (D:2)
  5 frilled lizards (Sewer)
  2 kobolds (D:8)
49 creatures vanquished.

Vanquished Creatures (others)
  A water moccasin zombie (D:8)
  2 yak zombies (D:9)
  A bullfrog zombie (D:6)
  An ogre zombie (D:6)
  A steam dragon zombie (D:7)
  2 adder zombies (Sewer)
  A frilled lizard zombie (Sewer)
  8 orc zombies
  A blazeheart core (D:9)
18 creatures vanquished.

Grand Total: 265 creatures vanquished

Notes
Turn   | Place    | Note
-------+----------+-------------------------------------------
     0 | D:1      | Zeia the Demonspawn Necromancer began the quest for the
                  | Orb.
     0 | D:1      | Reached XP level 1. HP: 13/13 MP: 3/3
   367 | D:1      | Gained mutation: A meltable shield of frost defends you.
                  | (SH +4) [demonic ancestry]
   367 | D:1      | Reached XP level 2. HP: 19/19 MP: 3/5
   484 | D:1      | Reached skill level 5 in Necromancy
   846 | D:1      | Found a faded altar of an unknown god.
  1285 | D:2      | Gained mutation: Spells you cast may paralyse adjacent
                  | enemies. [demonic ancestry]
  1285 | D:2      | Reached XP level 3. HP: 24/24 MP: 4/6
  1370 | D:2      | Found a hazy altar of Hepliaklqana.
  1608 | D:2      | Identified the +6 spear "Rimues" {vamp, SInv}
  1812 | D:3      | Gained mutation: A meltable icy envelope protects you from
                  | harm. (AC +8) [demonic ancestry]
  1812 | D:3      | Reached XP level 4. HP: 26/30 MP: 2/7
  1821 | D:3      | HP: 1/30 [burnt (5)]
  2419 | D:3      | Found a transporter.
  2423 | D:3      | Identified the +0 spear of Golden Conscience {venom, rN+
                  | Str+2}
  2428 | D:3      | Noticed pigah's ghost (amateur VSNe)
  2474 | D:3      | Found a transporter.
  2713 | D:3      | Reached XP level 5. HP: 35/35 MP: 4/8
  2813 | D:4      | Reached skill level 1 in Fighting
  3038 | D:4      | Reached XP level 6. HP: 48/48 MP: 5/9
  3164 | D:4      | Found a sparkling altar of Nemelex Xobeh.
  3233 | D:4      | Found a blossoming altar of Fedhas.
  3822 | D:4      | Learned a level 4 spell: Animate Dead
  3902 | D:4      | Learned a level 1 spell: Summon Small Mammal
  3933 | D:4      | Reached skill level 5 in Fighting
  3938 | D:4      | Reached skill level 1 in Summonings
  3938 | D:4      | Reached XP level 7. HP: 45/56 MP: 4/10
  4091 | D:5      | Entered Level 5 of the Dungeon
  4124 | D:5      | Found a staircase to the Ecumenical Temple.
  4208 | Temple   | Found a transporter.
  4208 | Temple   | Found a transporter.
  4208 | Temple   | Found a transporter.
  4208 | Temple   | Found a transporter.
  4208 | Temple   | Entered the Ecumenical Temple
  4229 | Temple   | Became a worshipper of Ashenzari the Shackled
  4692 | D:5      | Reached skill level 2 in Summonings
  5113 | D:5      | Reached skill level 3 in Summonings
  5239 | D:5      | Found a basalt altar of Yredelemnul.
  5273 | D:5      | Noticed Sigmund
  5283 | D:5      | Killed Sigmund
  5284 | D:5      | Reached skill level 4 in Summonings
  5284 | D:5      | Reached XP level 8. HP: 41/62 MP: 11/14
  5464 | D:5      | Found Latiubin's Book Boutique.
  5516 | D:6      | Reached skill level 5 in Spellcasting
  5516 | D:6      | Reached skill level 5 in Summonings
  5602 | D:6      | Found a runed translucent gate.
  5602 | D:6      | Found a runed translucent gate.
  5602 | D:6      | Found a runed translucent gate.
  5613 | D:6      | Noticed Zeia's ghost (novice DsNe)
  5903 | D:6      | Found a glowing drain.
  5936 | Sewer    | Entered a sewer
  6212 | Sewer    | Reached skill level 6 in Summonings
  6400 | D:6      | Noticed a troll
  6717 | D:7      | Reached skill level 7 in Summonings
  6783 | D:7      | Reached * piety under Ashenzari
  6810 | D:7      | Reached XP level 9. HP: 31/68 MP: 9/17
  7060 | D:7      | Learned a level 3 spell: Call Canine Familiar
  7285 | D:6      | Noticed a troll
  7412 | D:7      | Reached skill level 8 in Summonings
  7988 | D:8      | Reached skill level 9 in Summonings
  8000 | D:8      | Found an ancient bone altar of Kikubaaqudgha.
  8000 | D:8      | Found an iron altar of Okawaru.
  8017 | D:8      | Found a faded altar of an unknown god.
  8019 | D:8      | Found a faded altar of an unknown god.
  8507 | D:7      | Learned a level 4 spell: Summon Blazeheart Golem
  8511 | D:8      | Noticed a cyclops
  8511 | D:8      | Identified the -1 cloak of the Evening Star {rC+ rCorr SInv
                  | Stlth-}
  8866 | D:8      | Reached skill level 10 in Summonings
  9086 | D:8      | Reached ** piety under Ashenzari
  9275 | D:9      | Noticed Amaemon
  9275 | D:9      | Noticed an orange demon
  9610 | D:9      | Reached skill level 11 in Summonings
  9626 | D:9      | Gained mutation: A meltable icy envelope protects you from
                  | harm. (AC +8) [demonic ancestry]
  9626 | D:9      | Reached XP level 10. HP: 39/69 MP: 18/18
  9767 | D:9      | Found an opulent altar of Gozag.
  9945 | D:9      | Killed an orange demon
  9946 | D:9      | Reached skill level 1 in Maces & Flails
  9956 | D:9      | Killed Amaemon
  9957 | D:9      | Reached skill level 12 in Summonings
 10853 | D:10     | Entered Level 10 of the Dungeon
 10856 | D:10     | Found a staircase to the Lair.
 10873 | Lair:1   | Entered Level 1 of the Lair of Beasts
 10873 | Lair:1   | Noticed Gastronok
 10873 | Lair:1   | Noticed a cane toad
 10877 | Lair:1   | Noticed a cane toad
 10882 | Lair:1   | Noticed Maggie
 10883 | Lair:1   | Noticed a cane toad
 10887 | D:10     | HP: 3/74 [yak (12)]
 10888 | D:10     | Demolished by Gastronok

Illustrated notes

Levels and vault maps discovered:
D:1:      sevenhm_arrival_forest_fort_small_4, layout_loops_corners,
          ebering_ecumenical_altar_box, amcnicky_mini_corridor_feature,
          minmay_pentomino_w2
D:2:      layout_basic, basic_altar
D:3:      layout_loops_ring, gammafunk_ghost_gnarly_gnolls, minmay_distorted
D:4:      minmay_chambers_of_twos, layout_basic,
          mainiacjoe_overflow_catch_the_wave
D:5:      layout_loops_cross, lemuel_zombie_altar_yredelemnul,
          minmay_temple_entry_glass, serial_shops,
          nicolae_shop_just_a_little_nook, uniq_sigmund
D:6:      kennysheep_big_flooded_room, layout_basic, nzn_hepliaklqana_mist_gate,
          gammafunk_ghost_split, gup_sewer_entry_pipe
D:7:      layout_loops_ring
D:8:      cheibrodos_elevator_heist, layout_loops_ring,
          chequers_temple_overflow_minitemple, nicolae_the_louvre
D:9:      layout_long_grid, grunt_gozag_statues, item_on_display_a, uniq_amaemon
D:10:     layout_grid_maze, pdpol_wu_jian_five_deadly_venoms, lair_entry_dummy,
          uniq_harold
Temple:   hellmonk_temple_divided_pantheon
Lair:1:   layout_cave_pods, gauntlet_entry_generic, infiniplex_staircase_pool_2,
          grunt_megastairs_3, serial_bayou_shore_a, uniq_gastronok, uniq_maggie,
          uniq_nergalle

Skill      XL: |  1  2  3  4  5  6  7  8  9 10 |
---------------+-------------------------------+-----
Necromancy     | 5 6 7 |  7.0
Fighting       | 3 5 |  5.1
Summonings     | 1 4 7 11 12 | 12.7
Spellcasting   | 4 5 |  5.5
Maces & Flails | 4 |  4.6
Dodging        | |  1.7
Stealth        | |  1.7

Action                     |  1- 3 |  4- 6 |  7- 9 | 10-12 || total
---------------------------+-------+-------+-------+-------++-------
  Melee: Dagger            |    20 |    53 |   565 |    22 ||   660
         Punch             |       |     1 |     7 |       ||     8
         Demon whip        |       |       |       |    46 ||    46
         Morningstar       |       |       |       |    14 ||    14
   Cast: Necrotise         |    58 |    80 |   105 |     3 ||   246
         Animate Dead      |       |       |    10 |     2 ||    12
         Call Canine Famil |       |       |     6 |     6 ||    12
         Summon Blazeheart |       |       |     2 |     3 ||     5
         Summon Small Mamm |       |       |       |     1 ||     1
 Invoke: Curse Item        |       |       |     3 |     1 ||     4
    Use: Potion            |       |     2 |     2 |     1 ||     5
         Scroll            |       |       |     2 |     6 ||     8
   Stab: Sleeping          |     1 |       |     3 |       ||     4
         Paralysed         |       |     5 |    23 |     3 ||    31
         Distracted        |       |       |       |     2 ||     2
 Armour: Robe              |    11 |    34 |   321 |    87 ||   453
  Dodge: Dodged            |    16 |    12 |   273 |    56 ||   357
  Block: Other             |     2 |    14 |   181 |    10 ||   207
         Reflection        |       |     1 |     5 |       ||     6

Table legend: (Time is in decaauts)
 A = Elapsed time spent in this place.
 B = Non-inter-level travel time spent in this place.
 C = Inter-level travel time spent in this place.
 D = Time resting spent in this place.
 E = Time spent auto-exploring this place.
 F = Levels seen in this place.
 G = Mean time per level.
                   A        B        C        D        E       F      G
               +--------+--------+--------+--------+--------+-----+--------+
         Total |  10956 |  10470 |    486 |   2122 |   5101 |  13 |  842.8 |
       Dungeon |  10524 |  10038 |    486 |   2122 |   5006 |  10 | 1052.4 |
        Temple |     49 |     49 |      0 |      0 |      0 |   1 |   49.0 |
          Lair |     11 |     11 |      0 |      0 |      0 |   1 |   11.0 |
         Sewer |    370 |    370 |      0 |      0 |     95 |   1 |  370.0 |
               +--------+--------+--------+--------+--------+-----+--------+

Top non-repeatable levels by time:
     D:4: 1384 daAuts
     D:9: 1368 daAuts
     D:7: 1357 daAuts
     D:5: 1344 daAuts
     D:8: 1302 daAuts
     D:1: 1193 daAuts
     D:3: 1102 daAuts
     D:6: 848 daAuts
     D:2: 600 daAuts
   Sewer: 370 daAuts
  Temple: 49 daAuts
    D:10: 22 daAuts
  Lair:1: 11 daAuts
